TOP OF THE 1ST |
University of Maine Black Bears batting - Pitching for University of Florida Gators : RHP Pedro Rodriguez
|
Pitching: RHP Pedro Rodriguez
|
|
Batting: RHB Wang Huan
|
0-0: Called Strike 0-1: Swinging Strike 0-2: Ball 1-2: Ball 2-2: Foul Ball, location: 2F 2-2: Ball 3-2: Foul Ball, location: 2F 3-2: Base on Balls
|
Batting: LHB Carlos Rivera
|
0-0: Called Strike Wang Huan is caught stealing 2nd base 2-6 0-1: Ball 1-1: Swinging Strike 1-2: Strikes out looking
|
Batting: RHB Rewa Havika
|
0-0: Called Strike 0-1: Foul Ball, location: 2F 0-2: Ground out U3 (Groundball, 13, EV 91.2 MPH)
|
Top of the 1st over - 0 runs, 0 hits, 0 errors, 0 left on base; University of Maine 0 - University of Florida 0 |
BOTTOM OF THE 1ST |
University of Florida Gators batting - Pitching for University of Maine Black Bears : LHP Al Sisneros
|
Pitching: LHP Al Sisneros
|
|
Batting: SHB Nelson Carachure
|
0-0: Ball 1-0: Foul Ball, location: 2F 1-1: Foul Ball, location: 2F 1-2: Ball 2-2: Ball 3-2: Strikes out swinging
|
Batting: LHB Terry Bayer
|
0-0: Ball 1-0: Ground out 6-3 (Groundball, 6M, EV 76.2 MPH)
|
Batting: RHB Marco Morales
|
0-0: Ball 1-0: Called Strike 1-1: Fly out, F9 (Flyball, 9D, EV 101.9 MPH)
|
Bottom of the 1st over - 0 runs, 0 hits, 0 errors, 0 left on base; University of Maine 0 - University of Florida 0 |
TOP OF THE 2ND |
University of Maine Black Bears batting - Pitching for University of Florida Gators : RHP Pedro Rodriguez
|
Batting: RHB Jay Mellon
|
0-0: Called Strike 0-1: Foul Ball, location: 2F 0-2: Ball 1-2: Strikes out swinging
|
Batting: RHB Geoffrey Gonzalez
|
0-0: Fly out, F9 (Flyball, 9, EV 95.6 MPH)
|
Batting: LHB Dave Aguilar
|
0-0: Ground out 3-1 (Groundball, 34, EV 101.2 MPH)
|
Top of the 2nd over - 0 runs, 0 hits, 0 errors, 0 left on base; University of Maine 0 - University of Florida 0 |
BOTTOM OF THE 2ND |
University of Florida Gators batting - Pitching for University of Maine Black Bears : LHP Al Sisneros
|
Batting: RHB Luis Cabera
|
0-0: Swinging Strike 0-1: Ball 1-1: Ball 2-1: SINGLE (Line Drive, 89S, EV 98.1 MPH)
|
Batting: RHB Lião Weishampt
|
0-0: Ball 1-0: Ball 2-0: Foul Ball, location: 2F 2-1: Fly out, F7 (Flyball, 7D, EV 96.9 MPH)
|
Batting: RHB Ben Bailey
|
0-0: Ball 1-0: Called Strike 1-1: Ball 2-1: Fly out, F6 (Line Drive, 6M, EV 66.2 MPH)
|
Batting: RHB Gong-sun Law
|
0-0: Ball 1-0: Ball 2-0: Ball 3-0: Base on Balls Luis Cabera to second
|
Batting: RHB Angelo Rentas
|
0-0: Swinging Strike 0-1: DOUBLE (Groundball, 5L, EV 110.0 MPH) Luis Cabera scores Gong-sun Law to third Runner from 3rd tries for Home, SAFE, throw by LF to trailing runner, SAFE at third!
|
Batting: RHB Danny Cisneros
|
0-0: Called Strike 0-1: Called Strike 0-2: Strikes out looking
|
Bottom of the 2nd over - 2 runs, 2 hits, 0 errors, 1 left on base; University of Maine 0 - University of Florida 2 |
TOP OF THE 3RD |
University of Maine Black Bears batting - Pitching for University of Florida Gators : RHP Pedro Rodriguez
|
Batting: SHB Ron Handford
|
0-0: Ball 1-0: Foul Ball, location: 2F 1-1: Ball 2-1: Fly out, F9 (Flyball, 9LSF, EV 89.4 MPH)
|
Batting: RHB Dave MacAulay
|
0-0: Called Strike 0-1: Ball 1-1: Ball 2-1: Swinging Strike 2-2: Foul Ball, location: 2F 2-2: Foul Ball, location: 2F 2-2: SINGLE (Groundball, 56, EV 101.9 MPH)
|
Batting: SHB Mario Barajas
|
0-0: Ball Dave MacAulay is caught stealing 2nd base 2-6 1-0: Fly out, F7 (Flyball, 78S, EV 80.6 MPH)
|
Top of the 3rd over - 0 runs, 1 hit, 0 errors, 0 left on base; University of Maine 0 - University of Florida 2 |
BOTTOM OF THE 3RD |
University of Florida Gators batting - Pitching for University of Maine Black Bears : LHP Al Sisneros
|
Batting: SHB Nelson Carachure
|
0-0: Called Strike 0-1: Ball 1-1: Foul Ball, location: 2F 1-2: Strikes out swinging
|
Batting: LHB Terry Bayer
|
0-0: Called Strike 0-1: Ball 1-1: Foul Ball, location: 2F 1-2: Ball 2-2: Strikes out looking
|
Batting: RHB Marco Morales
|
0-0: Ground out 3-1 (Groundball, 34, EV 107.5 MPH)
|
Bottom of the 3rd over - 0 runs, 0 hits, 0 errors, 0 left on base; University of Maine 0 - University of Florida 2 |
TOP OF THE 4TH |
University of Maine Black Bears batting - Pitching for University of Florida Gators : RHP Pedro Rodriguez
|
Batting: RHB Wang Huan
|
0-0: SOLO HOME RUN (Flyball, 8RXD, EV 105.6 MPH), Distance : 431 ft
|
Batting: LHB Carlos Rivera
|
0-0: Called Strike 0-1: Ball 1-1: Called Strike 1-2: Strikes out looking
|
Batting: RHB Rewa Havika
|
0-0: Ball 1-0: Ball 2-0: Called Strike 2-1: Ball 3-1: Called Strike 3-2: Ground out 6-3 (Groundball, P, EV 79.4 MPH)
|
Batting: RHB Jay Mellon
|
0-0: Ball 1-0: Swinging Strike 1-1: Swinging Strike 1-2: Foul Ball, location: 2F 1-2: Foul Ball, location: 2F 1-2: Ground out 2-3 (Groundball, 15S, EV 67.5 MPH)
|
Top of the 4th over - 1 run, 1 hit, 0 errors, 0 left on base; University of Maine 1 - University of Florida 2 |
BOTTOM OF THE 4TH |
University of Florida Gators batting - Pitching for University of Maine Black Bears : LHP Al Sisneros
|
Batting: RHB Luis Cabera
|
0-0: Fly out, F7 (Flyball, 7S, EV 91.9 MPH)
|
Batting: RHB Lião Weishampt
|
0-0: Called Strike 0-1: Ball 1-1: Swinging Strike 1-2: Ball 2-2: Foul Ball, location: 2F 2-2: Foul Ball, location: 2F 2-2: Strikes out swinging
|
Batting: RHB Ben Bailey
|
0-0: Bunt missed! 0-1: Ground out U3 (Groundball, 34, EV 86.2 MPH)
|
Bottom of the 4th over - 0 runs, 0 hits, 0 errors, 0 left on base; University of Maine 1 - University of Florida 2 |
TOP OF THE 5TH |
University of Maine Black Bears batting - Pitching for University of Florida Gators : RHP Pedro Rodriguez
|
Batting: RHB Geoffrey Gonzalez
|
0-0: Fly out, F2 (Popup, 23F, EV 81.2 MPH)
|
Batting: LHB Dave Aguilar
|
0-0: Foul Ball, location: 2F 0-1: Foul Ball, location: 2F 0-2: Strikes out swinging
|
Batting: SHB Ron Handford
|
0-0: SINGLE (Groundball, P, EV 82.5 MPH) (infield hit)
|
Batting: RHB Dave MacAulay
|
0-0: Ball 1-0: Swinging Strike 1-1: Ball 2-1: Fielders Choice at 2nd, 5-4 (Groundball, 56, EV 86.2 MPH)
|
Top of the 5th over - 0 runs, 1 hit, 0 errors, 1 left on base; University of Maine 1 - University of Florida 2 |
BOTTOM OF THE 5TH |
University of Florida Gators batting - Pitching for University of Maine Black Bears : LHP Al Sisneros
|
Batting: RHB Gong-sun Law
|
0-0: Called Strike 0-1: Ball 1-1: Fly out, F9 (Flyball, 9, EV 84.4 MPH)
|
Batting: RHB Angelo Rentas
|
0-0: Ball 1-0: Ball 2-0: Called Strike 2-1: Ball 3-1: Swinging Strike 3-2: Strikes out looking
|
Batting: RHB Danny Cisneros
|
0-0: Ball 1-0: Called Strike 1-1: Ball 2-1: Ball 3-1: Foul Ball, location: 2F 3-2: Base on Balls
|
Batting: SHB Nelson Carachure
|
0-0: Ball 1-0: Ball 2-0: Ground out 4-3 (Groundball, 13, EV 86.2 MPH)
|
Bottom of the 5th over - 0 runs, 0 hits, 0 errors, 1 left on base; University of Maine 1 - University of Florida 2 |
TOP OF THE 6TH |
University of Maine Black Bears batting - Pitching for University of Florida Gators : RHP Pedro Rodriguez
|
Batting: SHB Mario Barajas
|
0-0: Ground out U3 (Groundball, 34, EV 87.5 MPH)
|
Batting: RHB Wang Huan
|
0-0: Called Strike 0-1: Foul Ball, location: 2F 0-2: Ball 1-2: SINGLE (Groundball, 56S, EV 72.5 MPH) (infield hit)
|
Batting: LHB Carlos Rivera
|
0-0: Called Strike Wang Huan is caught stealing 2nd base 2-6 0-1: Ball 1-1: Ball 2-1: DOUBLE (Flyball, 8RXD, EV 98.8 MPH)
|
Batting: RHB Rewa Havika
|
0-0: Ball 1-0: Ground out 6-3 (Groundball, 6, EV 87.5 MPH)
|
Top of the 6th over - 0 runs, 2 hits, 0 errors, 1 left on base; University of Maine 1 - University of Florida 2 |
BOTTOM OF THE 6TH |
University of Florida Gators batting - Pitching for University of Maine Black Bears : LHP Al Sisneros
|
Pitching: RHP Shizue Morimoto
|
|
Batting: LHB Terry Bayer
|
0-0: Foul Ball, location: 2F 0-1: Ball 1-1: Fly out, F7 (Flyball, 7, EV 90.6 MPH)
|
Batting: RHB Marco Morales
|
0-0: Ball 1-0: Ball 2-0: Called Strike 2-1: Foul Ball, location: 2F 2-2: Ball 3-2: Ground out 4-3 (Groundball, 4MS, EV 90.6 MPH)
|
Batting: RHB Luis Cabera
|
0-0: Foul Ball, location: 2F 0-1: Ball 1-1: Ground out 6-3 (Groundball, 56, EV 81.9 MPH)
|
Bottom of the 6th over - 0 runs, 0 hits, 0 errors, 0 left on base; University of Maine 1 - University of Florida 2 |
TOP OF THE 7TH |
University of Maine Black Bears batting - Pitching for University of Florida Gators : RHP Pedro Rodriguez
|
Pinch Hitting: LHB John Knox
|
0-0: Fly out, F8 (Flyball, 8RXD, EV 88.8 MPH)
|
Pinch Hitting: LHB Ed Leighton
|
0-0: Foul Ball, location: 2F 0-1: Ball 1-1: Fly out, F9 (Flyball, 9, EV 84.4 MPH)
|
Batting: RHB Frank Gould
|
0-0: Ball 1-0: Foul Ball, location: 2F 1-1: Called Strike 1-2: Foul Ball, location: 2F 1-2: Ball 2-2: Ground out 5-3 (Groundball, 56, EV 84.4 MPH)
|
Top of the 7th over - 0 runs, 0 hits, 0 errors, 0 left on base; University of Maine 1 - University of Florida 2 |
BOTTOM OF THE 7TH |
University of Florida Gators batting - Pitching for University of Maine Black Bears : RHP Shizue Morimoto
|
Pitching: RHP Nick Wagner
|
|
Now at SS: Travis Whitby
|
|
Now in LF: Carlos Rivera
|
|
Now in RF: John Knox
|
|
Batting: RHB Lião Weishampt
|
0-0: Ball 1-0: Called Strike 1-1: Ball 2-1: Ball 3-1: Base on Balls
|
Batting: RHB Ben Bailey
|
0-0: Ball 1-0: Bunt missed! 1-1: Bunt missed! 1-2: Fly out, F8 (Flyball, 8RD, EV 103.8 MPH)
|
Batting: RHB Gong-sun Law
|
0-0: Ball 1-0: Called Strike Pickoff Throw to First - Error! E1 Lião Weishampt to second 1-1: Intentional Walk
|
Batting: RHB Angelo Rentas
|
0-0: Called Strike 0-1: Called Strike 0-2: Strikes out swinging
|
Batting: RHB Danny Cisneros
|
0-0: Ball 1-0: Ball 2-0: Called Strike 2-1: Fielders Choice at 2nd, U6 (Groundball, 6M, EV 107.5 MPH)
|
Bottom of the 7th over - 0 runs, 0 hits, 1 error, 2 left on base; University of Maine 1 - University of Florida 2 |
TOP OF THE 8TH |
University of Maine Black Bears batting - Pitching for University of Florida Gators : RHP Pedro Rodriguez
|
Pitching: RHP David Villanueva
|
|
Batting: SHB Ron Handford
|
0-0: Fly out, F7 (Flyball, 7D, EV 102.5 MPH)
|
Pinch Hitting: LHB John Bergeron
|
0-0: Ball 1-0: Ball 2-0: Ball 3-0: Base on Balls
|
Pinch Hitting: RHB Justin Degon
|
0-0: Bunted foul 0-1: Ball 1-1: Bunted foul 1-2: Fielders Choice at 2nd, 4-6 (Groundball, 4, EV 86.2 MPH)
|
Batting: RHB Wang Huan
|
0-0: Called Strike 0-1: Called Strike Justin Degon steals 2nd base 0-2: Ball 1-2: Foul Ball, location: 2F 1-2: Foul Ball, location: 2F 1-2: Ball 2-2: Ball 3-2: Base on Balls
|
Pinch Hitting: RHB Geoffrey Potter
|
0-0: Ball 1-0: Called Strike 1-1: Foul Ball, location: 2F 1-2: Ball 2-2: Strikes out looking
|
Top of the 8th over - 0 runs, 0 hits, 0 errors, 2 left on base; University of Maine 1 - University of Florida 2 |
BOTTOM OF THE 8TH |
University of Florida Gators batting - Pitching for University of Maine Black Bears : RHP Nick Wagner
|
Pitching: RHP Ben Kasim
|
|
Now at 1B: Geoffrey Potter
|
|
Now at 2B: Justin Degon
|
|
Now in LF: John Bergeron
|
|
Batting: SHB Nelson Carachure
|
0-0: Foul Ball, location: 2F 0-1: Foul Ball, location: 2F 0-2: Ball 1-2: Fly out, F7 (Flyball, 7, EV 91.9 MPH)
|
Batting: LHB Terry Bayer
|
0-0: Called Strike 0-1: Swinging Strike 0-2: Strikes out swinging
|
Batting: RHB Marco Morales
|
0-0: Ball 1-0: Ball 2-0: Ball 3-0: Called Strike 3-1: Fly out, F8 (Flyball, 8LM, EV 78.1 MPH)
|
Bottom of the 8th over - 0 runs, 0 hits, 0 errors, 0 left on base; University of Maine 1 - University of Florida 2 |
TOP OF THE 9TH |
University of Maine Black Bears batting - Pitching for University of Florida Gators : RHP David Villanueva
|
Now in RF: Dave Newsome
|
|
Batting: RHB Rewa Havika
|
0-0: Ball 1-0: Swinging Strike 1-1: Foul Ball, location: 2F 1-2: Ball 2-2: Ball 3-2: Foul Ball, location: 2F 3-2: Base on Balls
|
Batting: LHB John Knox
|
0-0: Called Strike 0-1: Ball 1-1: Ball 2-1: Foul Ball, location: 2F 2-2: Foul Ball, location: 2F 2-2: Ball 3-2: Foul Ball, location: 2F 3-2: SINGLE (Groundball, 4D, EV 101.9 MPH) Rewa Havika to second Runner from 2nd tries for 3rd, SAFE, throw by CF made to third
|
Pitching: RHP Kevin Van Westen
|
|
Pinch Hitting: RHB Bryan Douglas
|
0-0: Ball 1-0: Called Strike 1-1: Ball 2-1: Swinging Strike 2-2: Strikes out swinging
|
Batting: RHB Frank Gould
|
0-0: Ball 1-0: Ground out 5-3 (Groundball, 5, EV 101.9 MPH) John Knox to second
|
Pinch Hitting: RHB Scott Snyder
|
0-0: Ball 1-0: Called Strike 1-1: Ball 2-1: Called Strike 2-2: Foul Ball, location: 2F 2-2: Strikes out swinging
|
Top of the 9th over - 0 runs, 1 hit, 0 errors, 2 left on base; University of Maine 1 - University of Florida 2 |
|